 Dungeon Crawl Stone Soup version 0.20.0-15-g7f486f2 (webtiles) character file.

267 robba the Chopper (level 6, -5/48 HPs)
             Began as a Human Berserker on June 27, 2017.
             Was a Priest of Trog.
             Slain by a gnoll
             ... wielding a +4 spear
              (8 damage)
             ... on level 4 of the Dungeon.
             The game lasted 00:20:20 (3224 turns).

robba the Chopper (Human Berserker)                 Turns: 3224, Time: 00:20:22

Health: -5/48      AC: 13    Str: 19    XL:     6   Next: 45%
Magic:  6/6        EV: 10    Int:  7    God:    Trog [***...]
Gold:   194        SH:  7    Dex: 13    Spells: 5/5 levels left

rFire    . . .     SeeInvis .   u - +2 mace (protect)
rCold    + . .     Gourm    +   z - +0 shield
rNeg     . . .     Faith    .   h - +0 troll leather armour
rPois    .         Spirit   .   w - +0 helmet
rElec    .         Reflect  .   (no cloak)
rCorr    .         Harm     .   e - +0 pair of gloves
MR       .....                  (no boots)
Stlth    +.........             m - amulet of the gourmand
Regen    0.6/turn               p - ring of protection from cold
MPRegen  0.1/turn               (no ring)

@: protection aura, berserk cooldown, slowed, glowing, very slow
A: no striking features
a: Berserk, Trog's Hand, Burn Spellbooks, Renounce Religion


You were on level 4 of the Dungeon.
You worshipped Trog.
Trog was most pleased with you.
You were very full.

You visited 1 branch of the dungeon, and saw 4 of its levels.

You collected 194 gold pieces.

Inventory:

Hand Weapons
 a - a +0 hand axe
 u - a +2 mace of protection (weapon)
 x - a +1 falchion of electrocution
Missiles
 b - 133 stones (quivered)
 t - 13 poisoned needles
Armour
 d - a +0 ring mail
 e - a +0 pair of gloves (worn)
 h - a +0 troll leather armour (worn)
 w - a +0 helmet (worn)
 y - a +0 scale mail
 z - a +0 shield (worn)
Jewellery
 m - an amulet of the gourmand (around neck)
 p - a ring of protection from cold (left hand)
Scrolls
 f - 2 scrolls of magic mapping {unknown}
 j - 2 scrolls of remove curse
 q - a scroll of amnesia
Potions
 g - a potion of magic {unknown}
 i - a potion of agility {unknown}
 k - a potion of resistance {unknown}
 l - a potion of brilliance {unknown}
 r - a potion of heal wounds {unknown}
 v - a potion of mutation {unknown}
Comestibles
 c - 2 meat rations
 n - 4 bread rations
 o - 8 fruits
 s - 2 chunks of flesh


   Skills:
 + Level 4.3 Fighting
 + Level 4.7(4.9) Axes
 + Level 1.9(3.5) Maces & Flails
 + Level 0.4 Throwing
 + Level 2.3 Armour
 + Level 3.0 Dodging
 + Level 0.2 Stealth


You had 5 spell levels left.
You didn't know any spells.

Dungeon Overview and Level Annotations

Branches:
Dungeon (4/15)
 Temple: D:4-7

Altars:
Fedhas
Trog
Xom
Zin


Message History

You kill the gnoll!
Trog accepts your kill.
The gnoll hits you from afar with an enchanted spear.
* * * LOW HITPOINT WARNING * * *
Things that are here:
a whip; a spear; a throwing net You closely miss the gnoll.
The gnoll hits you with an enchanted spear.
* * * LOW HITPOINT WARNING * * *
You closely miss the gnoll.
The gnoll hits you with an enchanted spear.
* * * LOW HITPOINT WARNING * * *
You completely miss the gnoll. The gnoll hits you but does no damage.
You hit the gnoll.
The gnoll is lightly wounded.
You are no longer berserk.
You are exhausted.
You feel yourself slow down.
The gnoll hits you with an enchanted spear!
You die...

.
...................#
..
....................
..#
#####.#.#...........
.# #.#.######....#
#.#....(.....#
#.......(#..
#.#.####.# #.#.# #)#
# #.# #@# #.#
#.g....# #.#
#..##..# #. #..# .#
#..# # #..# #..#
#..#


You could see a gnoll.

Vanquished Creatures
  A gnoll shaman (D:4)
  Jessica (D:3)
  Terence (D:3)
  An iguana (D:4)
  Robin (D:3)
  2 gnolls (D:4)
  5 adders
  A dart slug (D:1)
  A leopard gecko (D:2)
  A ball python (D:1)
  7 bats
  5 giant cockroaches
  14 goblins
  15 hobgoblins
  4 jackals (D:2)
  5 kobolds
  A quokka (D:4)
  5 frilled lizards
  7 rats
78 creatures vanquished.

Notes
Turn   | Place    | Note
-------+----------+-------------------------------------------
     0 | D:1      | robba the Human Berserker began the quest for the Orb.
     0 | D:1      | Reached XP level 1. HP: 18/18 MP: 1/1
   108 | D:1      | Reached XP level 2. HP: 15/24 MP: 2/2
   593 | D:1      | Reached XP level 3. HP: 29/29 MP: 3/3
   927 | D:1      | Reached ** piety under Trog
  1063 | D:2      | Noticed an angel
  1064 | D:2      | Found a glowing silver altar of Zin.
  1065 | D:2      | Found a shimmering altar of Xom.
  1413 | D:2      | Found a faded altar of an unknown god.
  1576 | D:2      | Found a blossoming altar of Fedhas.
  1670 | D:2      | Reached XP level 4. HP: 16/35 MP: 4/4
  2502 | D:3      | Noticed Jessica
  2518 | D:3      | Killed Jessica
  2518 | D:3      | Reached XP level 5. HP: 42/42 MP: 5/5
  2658 | D:3      | Noticed Terence
  2665 | D:3      | Killed Terence
  2671 | D:3      | Noticed Robin
  2693 | D:3      | Killed Robin
  2731 | D:3      | Reached *** piety under Trog
  2877 | D:3      | Reached XP level 6. HP: 48/48 MP: 6/6
  2978 | D:3      | Found a bloodstained altar of Trog.
  3208 | D:4      | Reached skill level 1 in Maces & Flails
  3221 | D:4      | HP: 2/72 [gnoll/enchanted spear (5)]
  3224 | D:4      | Slain by a gnoll

Skill      XL: |  1  2  3  4  5  6 |
---------------+-------------------+-----
Axes           | 4 |  4.7
Fighting       | 4 |  4.3
Maces & Flails | 1 |  1.9
Dodging        | 3 |  3.0
Throwing       | |  0.4
Armour         | |  2.3
Stealth        | |  0.2

Action                   |  1- 3 |  4- 6 || total
-------------------------+-------+-------++-------
Melee: Hand axe          |   140 |    67 ||   207
       Mace              |       |    75 ||    75
Throw: Stone             |       |     5 ||     5
Invok: Berserk           |       |     2 ||     2
  Use: Scroll            |     2 |     3 ||     5
       Potion            |       |     1 ||     1
  Eat: Bread ration      |     1 |       ||     1
       Chunk             |       |    12 ||    12
Armor: Animal skin       |    11 |       ||    11
       Troll leather arm |    25 |    69 ||    94
Dodge: Dodged            |    97 |   104 ||   201
Block: Shield            |       |    13 ||    13
